 Dungeon Crawl Stone Soup version 0.25-a0-603-g0321be95db (webtiles) character file.

Game seed: 7128732561493978697, levelgen mode: deterministic

91 Forro the Grave Robber (level 4, -2/32 HPs)
             Began as a Barachi Necromancer on Mar 16, 2020.
             Was an Initiate of Makhleb.
             Shot with an arrow by a centaur (8 damage)
             ... on level 3 of the Dungeon.
             The game lasted 00:52:04 (2079 turns).

Forro the Grave Robber (Barachi Necromancer)        Turns: 2079, Time: 00:52:05

Health: -2/32      AC:  2    Str: 10    XL:     4   Next: 57%
Magic:  8/8        EV: 13    Int: 16    God:    Makhleb [......]
Gold:   128        SH:  0    Dex: 16    Spells: 3/8 levels left

rFire    . . .     SeeInvis .     - Unarmed
rCold    . . .     Gourm    .   (no shield)
rNeg     . . .     Faith    .   a - +0 robe
rPois    .         Spirit   .   (no helmet)
rElec    .         Reflect  .   (no cloak)
rCorr    .         Harm     .   (no gloves)
MR       .....                  (no boots)
Stlth    ++........             b - amulet of regeneration
HPRegen  0.50/turn              n - +4 ring of dexterity
MPRegen  0.11/turn              (no ring)

@: slow
A: +LOS, swims, slowness 1, strong legs 1
a: Hop, Renounce Religion


You were on level 3 of the Dungeon.
You worshipped Makhleb.
Makhleb was noncommittal.
You were not hungry.

You visited 1 branch of the dungeon, and saw 3 of its levels.

You collected 128 gold pieces.

Inventory:

Missiles
 j - 7 boomerangs (quivered)
Armour
 a - a +0 robe (worn)
Jewellery
 b - an amulet of regeneration (around neck)
 n - a +4 ring of dexterity (left hand)
Wands
 m - a wand of clouds (7)
 o - a wand of flame (13)
Scrolls
 f - a scroll of remove curse
 g - a scroll of identify
 l - a scroll of amnesia
Potions
 d - a potion of mutation {unknown}
 e - 2 potions of flight {unknown}
 h - a potion of cancellation {unknown}
 i - a potion of heal wounds {unknown}
 k - 2 potions of haste {unknown}
Comestibles
 c - 4 rations


   Skills:
 + Level 1.0 Fighting
 + Level 2.7 Dodging
 + Level 2.1 Stealth
 + Level 2.2 Unarmed Combat
 + Level 2.6 Spellcasting
 + Level 4.1 Necromancy


You had 3 spell levels left.
You knew the following spells:

 Your Spells              Type           Power        Failure   Level  Hunger
a - Pain                  Necr           ###.         3%          1    #......
b - Animate Skeleton      Necr           N/A          3%          1    #......
c - Vampiric Draining     Necr           ###.......   11%         3    ###....

Your spell library contained the following spells:

 Spells                   Type           Power        Failure   Level  Hunger
 Animate Dead             Necr           N/A          34%         4    #####..
 Agony                    Necr           ###.....     67%         5    ######.


Dungeon Overview and Level Annotations

Branches:
Dungeon (3/15)

Altars:
Makhleb

Annotations:
D:1 1 exclusion


Innate Abilities, Weirdness & Mutations

You can be seen from farther away. (+LOS)
You can swim through water.
You cover ground slowly.
You can hop short distances.


Message History

The centaur shoots an arrow.
The arrow hits you!
You see here an arrow.
The centaur shoots an arrow.
The arrow closely misses you.
The centaur shoots an arrow.
The arrow barely misses you.
The centaur shoots an arrow.
The arrow barely misses you.
The centaur shoots an arrow.
The arrow misses you.
The centaur shoots an arrow.
The arrow closely misses you.
The centaur shoots an arrow.
The arrow hits you!
* * * LOW HITPOINT WARNING * * *
You see here an arrow.
The centaur shoots an arrow.
The arrow barely misses you.
You see here an arrow.
The centaur shoots an arrow.
The arrow barely misses you.
You see here an arrow.
The centaur shoots an arrow.
The arrow barely misses you.
You see here an arrow.
The centaur shoots an arrow.
The arrow closely misses you.
You see here an arrow.
The centaur shoots an arrow.
The arrow hits you!
You die...

#..... #...c.......#..
###....###..((..........
.........#...(..........
.........g..............
...........(............
..........(.............
.........(..............
######.................
#@..####.......... #...#
......###. #...# ......#
#. #...# ###...# ##
#...# #... #####


You could see a centaur and a hobgoblin.

Vanquished Creatures
  5 adders (D:2)
  A worm (D:3)
  A dart slug (D:1)
  A leopard gecko (D:2)
  3 orcs
  5 giant cockroaches
  5 goblins
  4 hobgoblins
  3 kobolds
  2 quokkas (D:2)
  3 bats
  A frilled lizard (D:2)
  3 rats
37 creatures vanquished.

Vanquished Creatures (collateral kills)
  A giant cockroach (D:2)
  A hobgoblin (D:2)
2 creatures vanquished.

Grand Total: 39 creatures vanquished

Notes
Turn   | Place    | Note
-------+----------+-------------------------------------------
     0 | D:1      | Forro the Barachi Necromancer began the quest for the Orb.
     0 | D:1      | Reached XP level 1. HP: 13/13 MP: 3/3
    30 | D:1      | Learned a level 1 spell: Animate Skeleton
   352 | D:1      | Reached XP level 2. HP: 11/19 MP: 5/5
   485 | D:1      | 3
   866 | D:1      | You fall into a shaft and drop 1 floor!
   941 | D:2      | Reached skill level 1 in Unarmed Combat
   941 | D:2      | Reached XP level 3. HP: 23/25 MP: 1/6
  1104 | D:2      | Reached skill level 4 in Necromancy
  1298 | D:2      | Learned a level 3 spell: Vampiric Draining
  1321 | D:2      | Found a burning altar of Makhleb.
  1361 | D:2      | Became a worshipper of Makhleb the Destroyer
  1411 | D:2      | Reached XP level 4. HP: 21/31 MP: 1/7
  1998 | D:3      | Reached skill level 1 in Fighting
  2056 | D:3      | Noticed a centaur
  2079 | D:3      | Shot with an arrow by a centaur

Levels and vault maps discovered:
D:1:      dpeg_arrival_tiny_b, layout_loops_corners, wad_floor_pattern_2
D:2:      layout_basic, overflow_temple_1_default, first_ration
D:3:      layout_basic, overflow_temple_1_default

Skill      XL: |  1  2  3  4 |
---------------+-------------+-----
Unarmed Combat | 1 2 |  2.2
Necromancy     | 4 |  4.1
Stealth        | 2 |  2.1
Fighting       | 1 |  1.0
Dodging        | |  2.7
Spellcasting   | |  2.6

Action                   |  1- 3 |  4- 6 || total
-------------------------+-------+-------++-------
Melee: Unarmed           |   121 |    69 ||   190
 Cast: Pain              |    21 |     4 ||    25
       Animate Skeleton  |     4 |       ||     4
       Vampiric Draining |     2 |     3 ||     5
  Use: Scroll            |     3 |     3 ||     6
 Stab: Sleeping          |     3 |       ||     3
  Eat: Ration            |     1 |     1 ||     2
Armor: Robe              |    25 |     5 ||    30
Dodge: Dodged            |    83 |    65 ||   148

Table legend:
 A = Non-vault XP
 B = Vault XP
 C = Vault XP percentage of total XP
 D = Non-vault monster count
 E = Vault monster count
 F = Vault count percentage of total count
                 A         B        C        D         E       F
            +---------+---------+-------+---------+---------+-------
      Total |     130 |       0 |   0.0 |      39 |       0 |   0.0
            +---------+---------+-------+---------+---------+-------
        D:1 |      26 |       0 |   0.0 |      14 |       0 |   0.0
        D:2 |      96 |       0 |   0.0 |      22 |       0 |   0.0
        D:3 |       8 |       0 |   0.0 |       3 |       0 |   0.0
            +---------+---------+-------+---------+---------+-------
